 Dungeon Crawl Stone Soup version bcrawl-1.36.4 (webtiles) character file.

Game seed: 16821182977551527805

168404 Darthill6464 the Charmwright (level 5, 0/30 HPs)
             Began as an Avariel Skald on Aug 10, 2022.
             Slain by a gnoll
             ... wielding a +0 spear
              (2 damage)
             ... on level 3 of the Dungeon.
             The game lasted 00:04:54 (2428 turns).

Darthill6464 the Charmwright (Avariel Skald)        Turns: 2428, Time: 00:04:54

Health: 0/30       AC:  3    Str:  9    XL:     5   Next: 85%
Magic:  9/13       EV: 12    Int: 19    God:
Gold:   113        SH:  0    Dex: 13    Spells: 6/12 levels left

rFire    . . .     SeeInvis .   l - +2 dagger (venom)
rCold    . . .     Gourm    .   (no shield)
rNeg     . . .     Faith    .   b - +0 leather armour
rPois    .         Spirit   .   (no helmet)
rElec    .         Reflect  .   (no cloak)
rCorr    .                      (no gloves)
MR       +....                  (no boots)
Stlth    +.........             d - amulet of magic regeneration
HPRegen  0.10/turn              p - ring of protection from magic (curse)
MPRegen  0.25/turn              (no ring)

@: no status effects
A: no striking features
a: no special abilities


You were on level 3 of the Dungeon.
You were hungry.

You visited 1 branch of the dungeon, and saw 3 of its levels.

You collected 113 gold pieces.

Inventory:

Hand Weapons
 a - a +0 rapier
 l - a +2 dagger of venom (weapon)
 q - a +0 shortbow
Missiles
 r - 124 arrows
Armour
 b - a +0 leather armour (worn)
Jewellery
 d - an amulet of magic regeneration (around neck)
 p - a cursed ring of protection from magic (left hand)
Scrolls
 f - a scroll of fear
 i - 2 scrolls of identify
 k - 2 scrolls of enchant armour {unknown}
 o - a scroll of teleportation {unknown}
Potions
 c - 2 potions of haste {unknown}
 g - a potion of flight {unknown}
 h - a potion of curing {unknown}
 j - a potion of magic {unknown}
 m - 2 potions of heal wounds {unknown}
 n - a potion of cancellation {unknown}
Comestibles
 e - 4 rations {!d}


   Skills:
 + Level 2.2 Fighting
 + Level 3.1 Short Blades
 + Level 1.7 Armour
 + Level 2.7 Dodging
 + Level 0.4 Stealth
 + Level 4.2 Spellcasting
 + Level 1.4 Hexes
 + Level 5.0 Charms


You had 6 spell levels left.
You knew the following spells:

 Your Spells              Type           Power        Failure   Level  Hunger
a - Infusion              Chrm           ###.....     2%          1    None
b - Song of Slaying       Chrm           ###.....     3%          2    None
c - Spectral Weapon       Hex/Chrm       ###.....     14%         3    ###....

Your spell library contained the following spells:

 Spells                   Type           Power        Failure   Level  Hunger
 Swiftness                Chrm/Air       ##......     10%         2    None
 Ozocubu's Armour         Chrm/Ice       ##......     19%         3    ###....
 Regeneration             Chrm/Necr      ##........   19%         3    ###....


Dungeon Overview and Level Annotations

Branches:
Dungeon (3/12)

Altars:
Fedhas
Nemelex Xobeh
Uskayaw
Xom


Message History

Casting: Infusion (safe; 2% risk of failure)
Confirm with . or Enter, or press ? or * to list all spells.
You draw out your weapon's spirit!
The gnoll hits you. The gnoll barely misses you. The gnoll misses you.
The gnoll hits you from afar with a +0 spear.
You hit the gnoll!
The gnoll is poisoned.
The gnoll is severely wounded.
Your spectral weapon hits the gnoll but does no damage.
The gnoll completely misses you.
You hit the gnoll.
You kill the gnoll!
You are no longer magically infusing your attacks.
The gnoll closely misses you.
An orc comes into view. It is wielding a +0 dagger.
The gnoll hits you with a +0 spear!
* * * LOW HITPOINT WARNING * * *
You see here a gnoll corpse.
You barely miss the gnoll. The gnoll hits you with a +0 spear.
You die...

#.# #.#
#.# #.#
#.# #.#
#.#
#.#####


#(@ggo# #####.# You could see 2 gnolls, an orc and a friendly spectral +2 dagger
of venom.

Vanquished Creatures
  A centaur (D:3)
  An orc priest (D:3)
  An orc wizard (D:3)
  A gnoll (D:3)
  An adder (D:3)
  2 worms (D:2)
  2 dart slugs (D:1)
  3 leopard geckos (D:1)
  3 orcs (D:3)
  A giant cockroach (D:3)
  3 goblins (D:1)
  6 hobgoblins
  7 jackals
  3 quokkas
  4 bats
  2 frilled lizards
  6 kobolds
  4 rats
51 creatures vanquished.

Notes
Turn   | Place    | Note
-------+----------+-------------------------------------------
     0 | D:1      | Darthill6464 the Avariel Skald began the quest for the Orb.
     0 | D:1      | Reached XP level 1. HP: 12/12 MP: 6/6
   140 | D:1      | Reached skill level 4 in Charms
   140 | D:1      | Reached XP level 2. HP: 15/17 MP: 4/7
   143 | D:1      | Learned a level 2 spell: Song of Slaying
   413 | D:1      | Reached XP level 3. HP: 21/21 MP: 4/9
   854 | D:1      | Learned a level 3 spell: Spectral Weapon
  1399 | D:2      | Found a shimmering altar of Xom.
  1660 | D:2      | Found a sparkling altar of Nemelex Xobeh.
  1906 | D:3      | Reached XP level 4. HP: 20/26 MP: 1/11
  1936 | D:3      | Reached skill level 1 in Hexes
  2090 | D:3      | Reached XP level 5. HP: 6/30 MP: 6/12
  2223 | D:3      | Found a hide-covered altar of Uskayaw.
  2273 | D:3      | Found a blossoming altar of Fedhas.
  2325 | D:3      | Reached skill level 5 in Charms
  2354 | D:3      | Found a faded altar of an unknown god.
  2428 | D:3      | Slain by a gnoll

Skill      XL: |  1  2  3  4  5 |
---------------+----------------+-----
Charms         | 4 5 |  5.0
Spellcasting   | 3 4 |  4.2
Fighting       | 2 |  2.2
Hexes          | 1 |  1.4
Short Blades   | 3 |  3.1
Armour         | |  1.7
Dodging        | |  2.7
Stealth        | |  0.4

Action                   |  1- 3 |  4- 6 || total
-------------------------+-------+-------++-------
Melee: Rapier            |    89 |    14 ||   103
       Dagger            |       |    23 ||    23
 Fire: Shortbow          |       |     2 ||     2
 Cast: Infusion          |    19 |     2 ||    21
       Song of Slaying   |    14 |     3 ||    17
       Spectral Weapon   |    10 |     4 ||    14
  Use: Scroll            |       |     1 ||     1
 Stab: Distracted        |     1 |       ||     1
  Eat: Chunk             |     8 |     3 ||    11
Armor: Leather armour    |     9 |     8 ||    17
Dodge: Dodged            |    57 |    17 ||    74
Block: Other             |     8 |     4 ||    12
